 Dungeon Crawl Stone Soup version 0.27.0-1-g7a089689b8 (webtiles) character file.

Game seed: 5861700437390720038

123889 SnakkuSnakku7 the Bludgeoner (level 16, -2/165 HPs)
             Began as an Ogre Enchanter on Aug 13, 2021.
             Was the Champion of Wu Jian.
             Slain by a merfolk impaler (21 damage)
             ... on level 1 of the Shoals.
             The game lasted 00:53:28 (26130 turns).

SnakkuSnakku7 the Bludgeoner (Ogre Enchanter)      Turns: 26130, Time: 00:53:29

Health: -2/165     AC: 10    Str: 21    XL:     16   Next: 91%
Magic:  19/19      EV: 16    Int: 16    God:    Wu Jian [******]
Gold:   1215       SH:  0    Dex: 12    Spells: 16/19 levels left

rFire    . . .     SeeInvis .   a - +8 giant spiked club (spect)
rCold    . . .     Faith    .   (shield currently unavailable)
rNeg     . . .     Spirit   .   G - +0 troll leather armour
rPois    .         Reflect  .   t - +0 hat
rElec    .         Harm     .   J - +0 cloak
rCorr    .         Rampage  .   (gloves unavailable)
Will     +....                  (boots unavailable)
Stlth    ++........             c - amulet of regeneration
HPRegen  2.37/turn              R - ring "Lired" {EV+4 Dex+3}
MPRegen  0.16/turn              g - +4 ring of protection

@: lethally poisoned (-2 -> -33), very slow
A: large, unfitting armour, tough skin 1
a: Renounce Religion, Wall Jump, Serpent's Lash, Heavenly Storm


You were on level 1 of the Shoals.
You worshipped Wu Jian.
Wu Jian was exalted by your worship.
You visited 5 branches of the dungeon, and saw 25 of its levels.
You visited the Abyss 1 time.
You also visited: Ice Cave.

You collected 3695 gold pieces.
You spent 2480 gold pieces at shops.

Inventory:

Hand Weapons
 a - a +8 spectral giant spiked club (weapon)
Missiles
 l - 60 poisoned darts
 O - 22 large rocks (quivered)
Armour
 t - a +0 hat (worn)
 G - a +0 troll leather armour (worn)
 J - a +0 cloak (worn)
Jewellery
 c - an amulet of regeneration (around neck)
 g - a +4 ring of protection (right hand)
 m - the ring "Asiefeb" {rPois Str+3}
   (You acquired it on level 6 of the Dungeon)

   [ring of poison resistance]

   Str:       It affects your strength (+3).
   rPois:     It protects you from poison.
 s - a ring of protection from fire
 u - a +4 ring of slaying
 R - the ring "Lired" (left hand) {EV+4 Dex+3}
   (You found it on level 11 of the Dungeon)

   [ring of evasion]

   EV:        It affects your evasion (+4).
   Dex:       It affects your dexterity (+3).
 S - the ring "Xaanypuj" {rC+ Str+3}
   (You found it on level 11 of the Dungeon)

   [ring of protection from cold]

   Str:       It affects your strength (+3).
   rC:        It protects you from cold.
Wands
 f - a wand of acid (19)
 h - a wand of iceblast (27)
 j - a wand of digging (3)
 z - a wand of flame (112)
 D - a wand of mindburst (8)
 F - a wand of charming (8)
 U - a wand of polymorph (3)
Scrolls
 o - 16 scrolls of teleportation
 p - 2 scrolls of brand weapon
 q - 2 scrolls of holy word
 v - 3 scrolls of fog
 x - a scroll of fear
 y - 7 scrolls of amnesia
 A - 2 scrolls of enchant armour
 K - 2 scrolls of blinking
 L - 7 scrolls of identify
 N - a scroll of silence
 T - 2 scrolls of vulnerability
 V - a scroll of magic mapping
Potions
 d - a potion of magic
 e - 2 potions of invisibility
 i - 3 potions of mutation
 k - 4 potions of brilliance
 n - 7 potions of attraction
 r - a potion of resistance
 w - 8 potions of curing
 C - 4 potions of might
 E - a potion of cancellation
 H - a potion of ambrosia
 I - 10 potions of heal wounds
 P - 2 potions of haste
 Q - 4 potions of berserk rage
 W - 3 potions of flight
Miscellaneous
 b - a phantom mirror
 M - a phial of floods


   Skills:
 - Level 12.0 Fighting
 - Level 3.0 Short Blades
 - Level 19.2 Maces & Flails
 + Level 14.7 Throwing
 - Level 7.7 Dodging
 - Level 2.1 Stealth
 - Level 2.4 Spellcasting
 - Level 2.6 Hexes
 - Level 2.0 Ice Magic


You had 16 spell levels left.
You knew the following spells:

 Your Spells              Type           Power      Damage    Failure   Level
a - Apportation           Tloc           2%         N/A       22%         1
b - Ensorcelled Hibernat  Hex/Ice        18%        N/A       13%         2

Your spell library contained the following spells:

 Spells                   Type           Power      Damage    Failure   Level
 Corona                   Hex            11%        N/A       8%          1
 Foxfire                  Conj/Fire      4%         2x1d4     22%         1
 Confusing Touch          Hex            10%        N/A       22%         3
 Tukima's Dance           Hex            10%        N/A       22%         3
 Ozocubu's Armour         Ice            8%         N/A       30%         3
 Blink                    Tloc           N/A        N/A       34%         2
 Sublimation of Blood     Necr           0%         N/A       34%         2
 Wereblood                Tmut           1%         N/A       34%         2
 Dazzling Flash           Conj/Hex       12%        N/A       36%         3
 Inner Flame              Hex/Fire       6%         N/A       36%         3
 Conjure Flame            Conj/Fire      1%         6-21      56%         3
 Lesser Beckoning         Tloc           0%         N/A       56%         3
 Stone Arrow              Conj/Erth      2%         3d7       56%         3
 Cause Fear               Hex            5%         N/A       58%         4
 Summon Ice Beast         Ice/Summ       5%         N/A       83%         4
 Animate Armour           Summ/Erth      2%         N/A       92%         4
 Summon Mana Viper        Hex/Summ       6%         N/A       98%         5
 Alistair's Intoxication  Tmut/Pois      0%         N/A       99%         5
 Fireball                 Conj/Fire      0%         3d3       99%         5
 Manifold Assault         Tloc           1%         N/A       99%         5
 Summon Forest            Summ/Tloc      0%         N/A       99%         5
 Eringya's Noxious Bog    Tmut/Pois      0%         N/A       100%        6
 Invisibility             Hex            5%         N/A       100%        6
 Shadow Creatures         Summ           N/A        N/A       100%        6
 Starburst                Conj/Fire      0%         8x6d3     100%        6
 Monstrous Menagerie      Summ           0%         N/A       100%        7
 Ozocubu's Refrigeration  Ice            4%         4d5       100%        7
 Storm Form               Tmut/Air       0%         N/A       100%        7
 Summon Hydra             Summ           0%         N/A       100%        7
 Discord                  Hex            5%         N/A       100%        8
 Ignition                 Fire           0%         3d3       100%        8
 Lehudib's Crystal Spear  Conj/Erth      0%         10d2      100%        8


Dungeon Overview and Level Annotations

Branches:
Dungeon (15/15)            Temple (1/1) D:6            Lair (6/6) D:8
 Shoals (1/4) Lair:2       Spider (0/4) Lair:4        Slime (0/5) Lair:6
    Orc (2/2) D:11            Elf (0/3) Orc:2        Vaults (0/5) D:13
 Depths (0/5) D:15          IceCv (visited)

Altars:
Cheibriados
Dithmenos
Elyvilon
Fedhas
Gozag
Hepliaklqana
Kikubaaqudgha
Okawaru
Trog
Vehumet
Wu Jian
Xom
Yredelemnul
Zin
The Shining One
Beogh

Shops:
D:5 (   D:6 *   Orc:2 *(?!   Shoals:1 ((?

Annotations:
Lair:6 exclusion: 3 oklob plants


Innate Abilities, Weirdness & Mutations

You are too large for most types of armour.
You have tough skin. (AC +1)


Message History

A merfolk impaler comes into view. It is wielding a +6 trident of venom.
The merfolk impaler barely misses you.
The merfolk impaler hits you from afar with a +6 trident of venom!
You are poisoned.
The merfolk impaler hits you from afar with a +6 trident of venom!
You are more poisoned.
You feel extremely sick.
The merfolk impaler hits you from afar with a +6 trident of venom!!
You are more poisoned.
You feel extremely sick.
The merfolk impaler hits you with a +6 trident of venom!
You are more poisoned.
The merfolk impaler hits you with a +6 trident of venom!
You are more poisoned.
The merfolk impaler closely misses you.
You are too injured to fight recklessly!
You are too injured to fight recklessly!
Unknown command.
You barely miss the merfolk impaler.
Your spectral +8 spectral giant spiked club hits the merfolk impaler!!!
You feel extremely sick.
The merfolk impaler hits you with a +6 trident of venom.
You are more poisoned.
Unknown command.
You miss the merfolk impaler.
The merfolk impaler is heavily wounded.
Your spectral +8 spectral giant spiked club misses the merfolk impaler.
You feel extremely sick.
The merfolk impaler hits you with a +6 trident of venom!!
* * * LOW HITPOINT WARNING * * *
You are lethally poisoned!
The merfolk impaler misses you.
Unknown command.
You impale the merfolk impaler!!
The merfolk impaler is almost dead.
Your spectral +8 spectral giant spiked club barely misses the merfolk impaler.
* * * LOW HITPOINT WARNING * * *
You feel extremely sick.
The merfolk impaler hits you with a +6 trident of venom!!
You die...

P≈≈≈.P≈≈≈.≈≈≈≈≈≈≈≈≈≈≈≈≈≈≈........
≈≈≈≈≈....≈≈≈≈≈≈≈≈≈≈≈≈≈≈≈.........
≈≈P≈...).≈≈≈≈≈≈≈≈≈≈≈≈≈$..........
≈≈≈≈.##....≈≈≈≈≈≈≈≈≈≈... ......
P≈≈≈..#...≈.≈≈≈≈≈≈≈≈≈.. ......
≈≈≈P....####≈≈≈≈≈≈≈≈.# .≈....
≈P≈≈≈.### ##.≈≈≈≈≈≈≈.# ......
P≈≈≈≈)# #..≈≈≈m(≈≈.#### .....
≈≈≈≈≈.# ##.≈≈≈≈@≈....... ...≈≈
≈.≈≈..###...≈≈≈≈≈≈≈.......≈≈ ....
≈≈....##....≈≈≈≈≈≈≈≈≈..≈≈≈≈≈. ...
≈...≈.≈.≈≈≈≈≈≈≈≈≈≈≈≈≈≈)≈≈≈≈≈≈ ##.
..#.≈≈≈≈≈≈≈≈≈≈[≈≈≈≈≈≈.≈≈≈≈≈≈.##..
≈.#.≈≈...≈≈≈≈...≈≈≈≈..≈≈..≈......
≈≈..≈≈###.≈≈≈.#.≈≈≈≈≈≈≈≈≈........
≈..≈≈..##≈≈≈≈...≈≈≈≈≈≈≈≈≈≈......≈
≈≈≈≈≈....≈≈≈≈≈≈≈≈≈≈≈≈≈≈≈>....(...


You could see a merfolk impaler and a friendly spectral +8 spectral giant spiked
club (summoned).

Vanquished Creatures
  A bone dragon (Abyss:3)
  Jorgrun (Orc:2)
  A tentacled starspawn (Abyss:3)
  A frost giant (IceCv)
  A draconian scorcher (Abyss:3)
  A stone giant (D:15)
  A merfolk javelineer (Shoals:1)
  A merfolk impaler (Shoals:1)
  Josephine (D:12)
  The ghost of Junaliek the Protected, a journeyman MiFi of Okawaru (Lair:2)
  12 hydras
  4 boulder beetles
  A merfolk avatar (Shoals:1)
  2 catoblepae (Lair:6)
  An ogre mage (D:11)
  Erica (D:10)
  3 centaur warriors
  3 dancing weapons
  2 merfolk aquamancers (Shoals:1)
  A death knight (D:11)
  5 two-headed ogres
  12 death yaks
  4 tengu warriors
  2 thrashing horrors (Abyss:3)
  Sonja (D:12)
  An orc high priest (Orc:2)
  A sixfirhy (Abyss:3)
  3 skeletal warriors (D:11)
  A shadow wraith (D:15)
  A glowing orange brain (Abyss:3)
  A lindwurm (Lair:6)
  2 wizards
  A flayed ghost (Abyss:3)
  A necromancer (D:13)
  3 harpies (Shoals:1)
  4 orc knights
  3 fauns (Shoals:1)
  2 deep elf pyromancers (D:11)
  4 cyclopes
  An orc sorcerer (Orc:2)
  A worldbinder (Abyss:3)
  17 ugly things
  10 manticores
  2 merfolk sirens
  2 elephants (Lair:6)
  A salamander (shapeshifter) (D:13)
  An ice statue (IceCv)
  6 black mambas
  A torpor snail (Lair:6)
  13 cane toads
  An unseen horror (D:11)
  10 komodo dragons
  A gargoyle (D:12)
  A komodo dragon (shapeshifter) (D:11)
  10 rime drakes
  A tengu conjurer (D:15)
  5 efreet
  A freezing wraith (D:11)
  4 yaktaurs (D:15)
  6 polar bears (IceCv)
  6 trolls
  A hornet (D:9)
  8 merfolk
  26 blink frogs
  Prince Ribbit (D:4)
  2 dream sheep (Lair:6)
  2 shadows (D:10)
  A vampire (D:12)
  6 wraiths
  54 yaks
  A basilisk (shapeshifter) (D:15)
  11 wyverns
  A chaos spawn (Abyss:3)
  3 water elementals
  Grum (D:10)
  6 basilisks
  A steam dragon (D:5)
  Menkaure (D:5)
  An acid dragon (D:12)
  A warg (Orc:2)
  17 water moccasins
  39 orc warriors
  3 black bears
  9 boggarts
  3 large abominations
  8 ogres
  30 wolves
  13 centaurs
  A phantom (D:7)
  A kobold brigand (D:10)
  12 bullfrogs
  8 scorpions
  A water moccasin zombie (D:6)
  A wyvern skeleton (D:5)
  16 killer bees
  4 howler monkeys
  A centaur zombie (D:10)
  A bullfrog zombie (D:5)
  A hound (D:3)
  18 orc priests
  A gnoll shaman (D:4)
  A centaur skeleton (D:6)
  2 bullfrog skeletons
  2 jellies (D:5)
  Ijyb (D:4)
  4 iguanas
  Terence (D:2)
  34 orc wizards
  A scorpion zombie (D:5)
  A small abomination (Abyss:3)
  7 gnolls
  6 adders
  2 white imps
  2 ufetubi
  An adder zombie (D:5)
  An adder skeleton (D:4)
  6 worms
  A dart slug (D:3)
  118 orcs
  2 bats
  10 endoplasms
  5 giant cockroaches
  6 goblins
  4 hobgoblins
  9 jackals
  2 quokkas
  5 ball pythons
  13 kobolds
  5 rats
  2 starspawn tentacles (Abyss:3)
763 creatures vanquished.

Vanquished Creatures (others)
  6 fungi
  19 plants
  2 starspawn tentacles (Abyss:3)
27 creatures vanquished.

Grand Total: 790 creatures vanquished

Notes
Turn   | Place    | Note
-------+----------+-------------------------------------------
     0 | D:1      | SnakkuSnakku7 the Ogre Enchanter began the quest for the
                  | Orb.
     0 | D:1      | Reached XP level 1. HP: 16/16 MP: 3/3
    61 | D:1      | Reached skill level 1 in Fighting
   217 | D:1      | Reached XP level 2. HP: 23/28 MP: 5/5
   614 | D:1      | Found a faded altar of an unknown god.
   804 | D:2      | Reached XP level 3. HP: 28/37 MP: 4/6
   845 | D:2      | Noticed Terence
   919 | D:1      | Learned a level 2 spell: Ensorcelled Hibernation
   932 | D:2      | Reached skill level 1 in Short Blades
  1129 | D:2      | Killed Terence
  1130 | D:2      | Reached XP level 4. HP: 18/45 MP: 0/7
  1670 | D:3      | Reached skill level 1 in Ice Magic
  2057 | D:3      | Reached XP level 5. HP: 23/53 MP: 8/8
  2643 | D:3      | You fall into a shaft and drop 3 floors!
  2679 | D:6      | Found a snail-covered altar of Cheibriados.
  2707 | D:6      | Found a hazy altar of Hepliaklqana.
  2708 | D:6      | Found a shadowy altar of Dithmenos.
  2708 | D:6      | Noticed a shadow
  2722 | D:6      | Reached skill level 1 in Throwing
  2773 | D:5      | Entered Level 5 of the Dungeon
  2773 | D:5      | Noticed Ijyb
  2779 | D:5      | Paralysed by Ijyb for 7 turns
  3076 | D:3      | Found a bloodstained altar of Trog.
  3150 | D:3      | Reached XP level 6. HP: 44/61 MP: 0/9
  3365 | D:4      | Reached skill level 1 in Maces & Flails
  3480 | D:4      | Reached skill level 2 in Maces & Flails
  3562 | D:4      | Reached skill level 3 in Maces & Flails
  3662 | D:4      | Reached XP level 7. HP: 47/67 MP: 10/10
  3928 | D:5      | Noticed Prince Ribbit
  3935 | D:4      | HP: 5/100 [Prince Ribbit (13)]
  3955 | D:4      | Killed Prince Ribbit
  3956 | D:4      | Reached skill level 4 in Maces & Flails
  4282 | D:5      | Reached skill level 5 in Maces & Flails
  4817 | D:5      | Reached skill level 6 in Maces & Flails
  4817 | D:5      | Reached XP level 8. HP: 32/76 MP: 11/11
  5507 | D:5      | Paralysed by Ijyb for 7 turns
  5803 | D:4      | Killed Ijyb
  5804 | D:4      | Reached skill level 7 in Maces & Flails
  7013 | D:5      | Reached skill level 8 in Maces & Flails
  7267 | D:5      | Reached XP level 9. HP: 36/83 MP: 12/12
  7414 | D:5      | Found Oteoch's Weapon Boutique.
  7500 | D:5      | Noticed Menkaure
  7521 | D:5      | Killed Menkaure
  7522 | D:5      | Reached skill level 9 in Maces & Flails
  8211 | D:6      | Found Onapyc's Assorted Antiques.
  8219 | D:6      | Bought a notched iron ring for 125 gold pieces
  8219 | D:6      | Bought a scroll of teleportation for 75 gold pieces
  8598 | D:6      | Reached skill level 10 in Maces & Flails
  8755 | D:6      | Found an ancient bone altar of Kikubaaqudgha.
  8774 | D:6      | Found a blossoming altar of Fedhas.
  8844 | D:6      | Found a staircase to the Ecumenical Temple.
  8864 | D:6      | Found a glowing golden altar of the Shining One.
  8884 | Temple   | Entered the Ecumenical Temple
  8891 | Temple   | Became a worshipper of the Wu Jian Council
 10306 | D:8      | Found a shimmering altar of Xom.
 10427 | D:8      | Reached skill level 11 in Maces & Flails
 10445 | D:8      | Found a staircase to the Lair.
 10464 | D:8      | Reached XP level 10. HP: 91/91 MP: 13/13
 10546 | D:8      | Reached * piety under Wu Jian
 10558 | D:8      | Reached skill level 12 in Maces & Flails
 11306 | D:8      | Reached ** piety under Wu Jian
 11443 | D:9      | Found a white marble altar of Elyvilon.
 11557 | D:9      | Reached skill level 13 in Maces & Flails
 11575 | D:9      | Found an opulent altar of Gozag.
 12056 | D:9      | Found a basalt altar of Yredelemnul.
 12205 | D:9      | Learned a level 1 spell: Apportation
 12266 | D:10     | Entered Level 10 of the Dungeon
 12299 | D:10     | Noticed Erica
 12304 | D:10     | Killed Erica
 12305 | D:10     | Reached XP level 11. HP: 97/97 MP: 14/14
 12312 | D:10     | Noticed a two-headed ogre
 12317 | D:10     | Noticed Grum
 12472 | D:10     | Killed a two-headed ogre
 12473 | D:10     | Reached skill level 14 in Maces & Flails
 12502 | D:10     | Identified the +7 mace "Eqic" {vamp, +Rage Int+3}
 12602 | D:10     | Killed Grum
 12868 | D:10     | Found a runed translucent door.
 13067 | D:10     | Found a glowing silver altar of Zin.
 13453 | D:10     | Reached *** piety under Wu Jian
 13629 | D:6      | Bought a scroll of identify for 50 gold pieces
 13629 | D:6      | Bought a sapphire potion for 22 gold pieces
 13629 | D:6      | Bought a potion of heal wounds for 125 gold pieces
 13629 | D:6      | Bought a scroll labelled LEIDUBA DEEMM for 25 gold pieces
 13640 | D:6      | Identified a scroll of acquirement
 13640 | D:6      | Acquired the ring "Asiefeb" {rPois Str+3}
 13784 | Lair:1   | Entered Level 1 of the Lair of Beasts
 13856 | Lair:1   | Reached skill level 15 in Maces & Flails
 13964 | Lair:1   | Noticed a four-headed hydra
 14254 | Lair:1   | Killed a four-headed hydra
 14255 | Lair:1   | Reached XP level 12. HP: 61/106 MP: 15/15
 14766 | Lair:2   | Found a runed translucent door.
 14770 | Lair:2   | Noticed Junaliek's ghost (journeyman MiFi)
 14772 | Lair:2   | Noticed an eight-headed hydra
 14789 | Lair:2   | Killed an eight-headed hydra
 14790 | Lair:2   | Reached skill level 16 in Maces & Flails
 14906 | Lair:2   | Reached **** piety under Wu Jian
 14951 | Lair:2   | Found a staircase to the Shoals.
 15423 | Lair:3   | Reached skill level 17 in Maces & Flails
 15573 | Lair:3   | Noticed a six-headed hydra
 15579 | Lair:3   | Killed a six-headed hydra
 15580 | Lair:3   | Reached XP level 13. HP: 45/113 MP: 16/16
 16086 | Lair:4   | Found a frozen archway.
 16099 | IceCv    | Entered an ice cave
 16135 | IceCv    | Reached skill level 18 in Maces & Flails
 16202 | IceCv    | Reached ***** piety under Wu Jian
 16361 | IceCv    | Noticed a frost giant
 16383 | IceCv    | Killed a frost giant
 16411 | IceCv    | Reached skill level 19 in Maces & Flails
 16650 | Lair:4   | Found a hole to the Spider Nest.
 16871 | Lair:4   | Reached skill level 5 in Fighting
 17354 | Lair:5   | Reached XP level 14. HP: 128/128 MP: 17/17
 18357 | Lair:6   | Entered Level 6 of the Lair of Beasts
 18458 | Lair:6   | Reached skill level 10 in Fighting
 18479 | Lair:6   | Reached ****** piety under Wu Jian
 19083 | Lair:6   | Reached skill level 5 in Dodging
 19162 | Lair:6   | Found a staircase to the Slime Pits.
 19533 | Lair:2   | Killed Junaliek's ghost
 19665 | D:11     | Found a staircase to the Orcish Mines.
 19797 | D:11     | Reached XP level 15. HP: 87/156 MP: 18/18
 20466 | Orc:1    | Entered Level 1 of the Orcish Mines
 20649 | Orc:2    | Entered Level 2 of the Orcish Mines
 20667 | Orc:2    | Noticed Jorgrun
 20977 | Orc:2    | Found a staircase to the Elven Halls.
 21165 | Orc:2    | Killed Jorgrun
 21166 | Orc:2    | Reached skill level 5 in Throwing
 21561 | Orc:2    | Found Wufrozxo's General Store.
 21709 | Orc:2    | Found Seosou's Magic Scroll Emporium.
 21709 | Orc:2    | Found Xiaciafa's Antique Weapon Shop.
 21711 | Orc:2    | Found Cenkusku's Distillery.
 21713 | Orc:2    | Found Biethraj's Weapon Shoppe.
 21719 | Orc:2    | Bought a scroll of acquirement for 676 gold pieces
 21719 | Orc:2    | Bought a scroll of teleportation for 39 gold pieces
 21719 | Orc:2    | Bought a scroll of teleportation for 39 gold pieces
 21719 | Orc:2    | Bought a scroll of teleportation for 39 gold pieces
 21722 | Orc:2    | Bought a potion of heal wounds for 65 gold pieces
 21722 | Orc:2    | Bought a potion of heal wounds for 65 gold pieces
 21722 | Orc:2    | Bought 2 potions of heal wounds for 130 gold pieces
 21722 | Orc:2    | Bought a potion of heal wounds for 65 gold pieces
 21722 | Orc:2    | Bought a potion of berserk rage for 65 gold pieces
 21722 | Orc:2    | Bought a potion of berserk rage for 65 gold pieces
 21722 | Orc:2    | Bought a potion of berserk rage for 65 gold pieces
 21722 | Orc:2    | Acquired 887 gold pieces
 21724 | Orc:2    | Bought a potion of haste for 130 gold pieces
 21724 | Orc:2    | Bought a potion of haste for 130 gold pieces
 21724 | Orc:2    | Bought a potion of mutation for 104 gold pieces
 22005 | D:11     | Identified the ring "Lired" {EV+4 Dex+3}
 22009 | D:11     | Identified the ring "Xaanypuj" {rC+ Str+3}
 22076 | D:12     | Noticed Josephine
 22092 | D:12     | Killed Josephine
 22157 | D:12     | Noticed Sonja
 22165 | D:12     | Killed Sonja
 22688 | D:13     | Cast into level 3 of the Abyss (a wizard)
 22793 | Abyss:3  | Noticed a red draconian scorcher
 22805 | Abyss:3  | Killed a red draconian scorcher
 22806 | Abyss:3  | Reached skill level 10 in Throwing
 22826 | Abyss:3  | Noticed a bone dragon
 22837 | Abyss:3  | Killed a bone dragon
 22878 | Abyss:3  | Noticed a tentacled starspawn
 22885 | Abyss:3  | Killed a tentacled starspawn
 22886 | Abyss:3  | Reached XP level 16. HP: 165/165 MP: 19/19
 22890 | D:13     | Escaped the Abyss
 22912 | D:13     | Found a gate to the Vaults.
 24433 | D:15     | Entered Level 15 of the Dungeon
 24678 | D:15     | Found a staircase to the Depths.
 25795 | Shoals:1 | Entered Level 1 of the Shoals
 25796 | Shoals:1 | Found Jyicuj's Antique Weapon Emporium.
 25950 | Shoals:1 | Found Laliowag's Magic Scroll Shop.
 25961 | Shoals:1 | Bought a scroll of blinking for 127 gold pieces
 25961 | Shoals:1 | Bought a scroll of enchant weapon for 127 gold pieces
 25961 | Shoals:1 | Bought a scroll of enchant armour for 127 gold pieces
 26061 | Shoals:1 | Found Daular's Weapon Shoppe.
 26130 | Shoals:1 | Slain by a merfolk impaler

Illustrated notes

Levels and vault maps discovered:
D:1:      dpeg_arrival_circle_labyrinth_a, layout_basic,
          hellmonk_ecumenical_altar_slurped_away, minmay_misc_feat_x
D:2:      layout_loops_ring, uniq_terence
D:3:      layout_loops_ring, mainiacjoe_overflow_catwalk,
          corexii_item_surrounded_by_moat, minmay_liquid_box, dk_noncrumbling_4,
          grunt_ministairs_4
D:4:      layout_rooms
D:5:      layout_rooms, serial_shops, nicolae_take_the_stairs, kennysheep_nub,
          corner_web_ring, grunt_ministairs_3, minmay_fractal_squares_gapless_5,
          uniq_ijyb, uniq_prince_ribbit1, uniq_menkaure
D:6:      minmay_flawed_box, layout_loops_ring,
          riverfiend_overflow_shadow_ancestor, slow_altar_1,
          mainiacjoe_overflow_cross_hatched, kennysheep_mini,
          mainiacjoe_overflow_boulevard, minmay_temple_entry_drinking_statues,
          serial_shops, nicolae_shop_temple_entry_statues_fountains,
          minmay_diced_spiral
D:7:      layout_loops_ring
D:8:      layout_loops_ring, tgw_xom, minmay_lair_entry_grove, special_room
          [special_room_orc]
D:9:      lemuel_flame_loot_2, layout_loops_ring, kennysheep_ying_yang,
          general_overflow_altar
D:10:     layout_loops_ring, mainiacjoe_overflow_paths,
          chequers_serial_rivers_small_a, lightli_church_of_beogh, uniq_grum,
          uniq_erica
D:11:     layout_loops_ring, hiddenorc2_lemuel, minivault_12
D:12:     layout_roguey, st_stairs_3, uniq_sonja, uniq_josephine
D:13:     layout_basic, david_vaults_1
D:14:     layout_long_grid, nrook_uturn
D:15:     grunt_enter_depths_snipers, layout_basic, nrook_mini_vaults,
          lightli_minifort
Temple:   eino_wide_crystal_templ
Lair:1:   layout_small_grid
Lair:2:   layout_cave_shapes, elwin_shoals_entry_stream,
          ebering_ghost_inner_flame, grunt_forest_small_clearings,
          grunt_megastairs_1
Lair:3:   layout_chaotic_city
Lair:4:   layout_roguey, nicolae_spider_entry_non_spiders, portal_ice_cave_rime,
          beast_lair_carwin_7, grunt_megastairs_2, lemuel_fruit_tree
Lair:5:   layout_layer_cave
Lair:6:   hangedman_lair_in_review, layout_gridlike,
          minmay_slime_entry_oklob_open, grunt_megastairs_5
Shoals:1: layout_shoals, serial_shops, nicolae_square_shop, shop,
          nicolae_shop_window_shopping,
          nicolae_shop_competitors_out_of_business, st_sunken_huts
Orc:1:    layout_caves
Orc:2:    st_orc_rangers, layout_diamond_mine, serial_shops,
          nicolae_shop_window_shopping, basic_altar, rock_pile, uniq_jorgrun

Skill      XL: |  1  2  3  4  5  6  7  8  9 10 11 12 13 14 15 16 |
---------------+-------------------------------------------------+-----
Fighting       | 2 3 5 12 | 12.0
Short Blades   | 2 3 |  3.0
Ice Magic      | 2 |  2.0
Throwing       | 2 11 14 | 14.7
Maces & Flails | 3 6 8 11 13 15 17 19 | 19.2
Dodging        | 6 7 |  7.7
Stealth        | |  2.1
Spellcasting   | |  2.4
Hexes          | |  2.6

Action                   |  1- 3 |  4- 6 |  7- 9 | 10-12 | 13-15 | 16-18 || total
-------------------------+-------+-------+-------+-------+-------+-------++-------
Melee: Dagger            |   102 |    93 |       |       |       |       ||   195
       Short sword       |       |    97 |   132 |       |       |       ||   229
       Unarmed           |       |       |    12 |       |       |       ||    12
       Whip              |       |       |   333 |   488 |       |       ||   821
       Giant spiked club |       |       |       |   145 |   619 |   248 ||  1012
Throw: Dart              |       |    11 |    25 |    31 |       |       ||    67
 Cast: Corona            |     2 |     1 |       |       |       |       ||     3
       Ensorcelled Hiber |     7 |    17 |     5 |       |       |       ||    29
       Apportation       |       |       |       |     4 |       |       ||     4
Invok: Lunge             |       |       |     1 |    41 |    74 |    38 ||   154
       Whirlwind         |       |       |       |    58 |    41 |    18 ||   117
       Serpent's Lash    |       |       |       |       |     2 |       ||     2
Evoke: Wand              |       |       |     6 |    10 |     7 |       ||    23
  Use: Scroll            |       |     3 |    11 |    15 |     4 |     3 ||    36
       Potion            |       |     2 |     4 |       |     1 |       ||     7
 Stab: Sleeping          |     9 |     9 |     3 |     4 |     2 |       ||    27
       Distracted        |       |       |     1 |     3 |     8 |     2 ||    14
       Invisible         |       |       |     1 |       |       |       ||     1
       Petrified         |       |       |       |       |     1 |       ||     1
Armor: Robe              |    21 |    69 |   133 |    57 |       |       ||   280
       Skin              |       |       |    26 |       |       |       ||    26
       Troll leather arm |       |       |       |    80 |   200 |    38 ||   318
Dodge: Dodged            |    37 |   110 |   183 |   138 |   257 |   157 ||   882
